 Dungeon Crawl Stone Soup version 0.30-a0-465-g8901f6c8b5 (webtiles) character file.

Game seed: 3393741630742081963

19 freelancePsychic the Vexing (level 3, 0/28 HPs)
             Began as a Meteoran Hexslinger on Dec 18, 2022.
             Slain by an orc
             ... wielding a +2 hand axe of electrocution
              (8 damage)
             ... on level 3 of the Dungeon.
             The game lasted 00:03:17 (393 turns).

freelancePsychic the Vexing (Meteoran Hexslinger)    Turns: 393, Time: 00:03:18

Health: 0/28       AC:  2    Str: 11    XL:     3   Next: 11%
Magic:  5/6        EV: 12    Int: 17    God:
Gold:   64         SH:  0    Dex: 14    Spells: 1/5 levels left

rFire   . . .      SeeInvis .    a - +1 sling
rCold   . . .      Faith    .    (no shield)
rNeg    . . .      Spirit   .    c - +0 robe
rPois   .          Reflect  .    (no helmet)
rElec   .          Harm     .    (no cloak)
rCorr   .          Rampage  .    (no gloves)
Will    .....                    (no boots)
Stlth   +.........               (no amulet)
HPRegen 0.24/turn                (no ring)
MPRegen 0.10/turn                (no ring)

@: glowing
A: sense surroundings 1, otherworldly, glowing, explore regen
a: no special abilities


You were on level 3 of the Dungeon.
You visited 1 branch of the dungeon, and saw 3 of its levels.

You collected 64 gold pieces.

Inventory:

Hand Weapons
 a - a +1 sling (weapon)
Armour
 c - a +0 robe (worn)
Scrolls
 b - a scroll of poison
 e - a scroll of magic mapping
 g - a scroll of fog {unknown}
Potions
 d - a potion of lignification {unknown}
 f - a potion of brilliance {unknown}


   Skills:
 - Level 1.4 Fighting
 - Level 2.2 Ranged Weapons
 - Level 2.4 Dodging
 + Level 1.7 Spellcasting
 - Level 1.2 Conjurations
 - Level 3.7 Hexes
 - Level 1.3 Fire Magic
 * Level 0.2 Ice Magic


You had one spell level left.
You knew the following spells:

 Your Spells              Type           Power      Damage    Failure   Level
a - Slow                  Hex            56%        N/A       4%          1
b - Frozen Ramparts       Ice            4%         1d1       47%         3

Your spell library contained the following spells:

 Spells                   Type           Power      Damage    Failure   Level
 Inner Flame              Hex/Fire       10%        N/A       22%         3
 Portal Projectile        Hex/Tloc       14%        N/A       28%         3
 Cause Fear               Hex            7%         N/A       41%         4
 Flame Wave               Conj/Fire      5%         2d5       75%         4
 Sticky Flame             Conj/Fire      5%         2d3       75%         4
 Ice Form                 Ice/Tmut       1%         N/A       88%         4
 Summon Ice Beast         Ice/Summ       1%         N/A       88%         4


Dungeon Overview and Level Annotations

Branches:
Dungeon (3/15) Zot: 1390

Altars:


Innate Abilities, Weirdness & Mutations

You passively map a small area around you.
You are easily found by Zot.
You glow in the dark.
You regain HP and MP as you explore.


Message History

You climb downwards.
There is a stone staircase leading up here.
(D) Dungeon
Where to? (Enter - D:1 @ (x,y), ? - help)
There is a stone staircase leading down here.
You climb downwards.
There is a stone staircase leading up here.
Found a scroll labelled RAUNWOCOSU.
An orc comes into view.
It is wielding a +2 hand axe of electrocution.
The orc shouts!
The orc hits you with a +2 hand axe of electrocution.
You are electrocuted!
You see here a scroll labelled RAUNWOCOSU.
You are too injured to fight recklessly!
Casting: Slow (safe; 4% risk of failure)
Confirm with . or Enter, or press ? or * to list all spells.
Aiming: Slow (safe; 4% risk of failure)
Press: ? - help, Shift-Dir - straight line, f - orc
Aim: an orc, wielding a +2 hand axe of electrocution (chance to affect: 65%)
The orc seems to slow down.
Fire: a) +1 sling
Press: ? - help, Shift-Dir - straight line, f/p - orc
Aim: an orc, wielding a +2 hand axe of electrocution (slow, 57% to hit)
You shoot a sling bullet. The sling bullet hits the orc.
The orc is heavily wounded.
The orc hits you with a +2 hand axe of electrocution.
Fire: a) +1 sling
Press: ? - help, Shift-Dir - straight line, f/p - orc
Aim: an orc, wielding a +2 hand axe of electrocution (heavily wounded, slow, 57% to hit)
You shoot a sling bullet. The sling bullet hits the orc.
The orc is almost dead.
The orc hits you with a +2 hand axe of electrocution.
* * * LOW HITPOINT WARNING * * *
Fire: a) +1 sling
Press: ? - help, Shift-Dir - straight line, f/p - orc
Aim: an orc, wielding a +2 hand axe of electrocution (almost dead, slow, 57% to hit)
You shoot a sling bullet.
The sling bullet closely misses the orc.
The orc hits you with a +2 hand axe of electrocution!
You die...

* ..# * , ..#
* *** * #.# *
,* **#.# * # #
#.# * #.#.*
#.######**
#...###.....<#
, *
#.....###### *
, #..@o.# *, *
* #.....# * ,
#.....# **
,#.....# *,
...##### , **,
, *.## * *
#.** * + * . *


You could see an orc (slow).

Vanquished Creatures
  An adder (D:2)
  2 bats (D:1)
  An endoplasm (D:2)
  A giant cockroach (D:2)
  2 hobgoblins (D:2)
  2 kobolds (D:2)
  A frilled lizard (D:2)
10 creatures vanquished.

Notes
Turn   | Place    | Note
-------+----------+-------------------------------------------
     0 | D:1      | freelancePsychic the Meteoran Hexslinger began the quest
                  | for the Orb.
     0 | D:1      | Reached XP level 1. HP: 16/16 MP: 3/3
   236 | D:2      | Reached skill level 1 in Conjurations
   236 | D:2      | Reached skill level 1 in Fire Magic
   236 | D:2      | Reached XP level 2. HP: 10/23 MP: 2/5
   323 | D:2      | Reached XP level 3. HP: 28/28 MP: 4/6
   327 | D:2      | Learned a level 3 spell: Frozen Ramparts
   393 | D:3      | Slain by an orc

Illustrated notes

Levels and vault maps discovered:
D:1:      enne_arrival_octagon_isle, layout_loops_ring,
          chequers_serial_rivers_micro_c
D:2:      layout_loops_corners
D:3:      layout_basic, yredelemnul_altar_generic

Skill      XL: |  1 |
---------------+----+-----
Conjurations   | 1 |  1.2
Fire Magic     | 1 |  1.3
Fighting       | |  1.4
Ranged Weapons | |  2.2
Dodging        | |  2.4
Spellcasting   | |  1.7
Hexes          | |  3.7
Ice Magic      | |  0.2

Action                   || total
-------------------------++-------
 Fire: Sling             ||    52
 Cast: Slow              ||     5
  Use: Scroll            ||     1
Armor: Robe              ||    11
Dodge: Dodged            ||    15

Table legend: (Time is in decaauts)
 A = Elapsed time spent in this place.
 B = Non-inter-level travel time spent in this place.
 C = Inter-level travel time spent in this place.
 D = Time resting spent in this place.
 E = Time spent auto-exploring this place.
 F = Levels seen in this place.
 G = Mean time per level.
                   A        B        C        D        E       F      G
               +--------+--------+--------+--------+--------+-----+--------+
         Total |    407 |    374 |     33 |      0 |      0 |   3 |  135.7 |
       Dungeon |    407 |    374 |     33 |      0 |      0 |   3 |  135.7 |
               +--------+--------+--------+--------+--------+-----+--------+

Top non-repeatable levels by time:
     D:2: 219 daAuts
     D:1: 177 daAuts
     D:3: 11 daAuts
